Warning! The script has encountered some errors when parsing the replay. Please report them to the . » details
0x00, prev: 0x16: 16 02 01 00 41 43 00 00 B6 AD 00 00 [00] 00 00 00 00 00 00 00 00 00 00 00 00 00 00 00 00 00 00 00 00 00 00 00 00 00
0x00, prev: 0x00: 16 02 01 00 41 43 00 00 B6 AD 00 00 00 00 00 00 00 00 00 00 00 00 00 00 00 00 00 00 00 00 00 00 00 00 00 00 [00] 00
0x00, prev: 0x02: 16 02 01 00 82 40 00 00 90 B6 00 00 00 00 00 00 00 00 00 00 00 00 00 00 00 00 00 00 00 00 00 00 00 00 00 00 02 [00] 01 1F 00 12 00 00 03 00 0D 00 FF FF FF FF FF FF FF FF FF E8 97 C5 D9 62 CF C5 FF FF FF FF FF FF FF FF 04 1F 00 12 08 00 03 00 0D 00 FF FF FF FF FF FF FF FF 44 A2 C9 45 10 51 01 C6 FF FF FF FF FF FF FF FF
0x09, prev: 0x00: 16 02 02 00 CF 48 00 00 4C 70 00 00 AE 4A 00 00 AC 77 00 00 00 00 00 00 00 00 00 00 00 00 00 00 00 00 00 00 00 00 00 00 00 00 00 00 [09] 00 06 1F 00 12 18 00 03 00 0D 00 FF FF FF FF FF FF FF FF E4 5F DB C4 5E 70 66 C5 FF FF FF FF FF FF FF FF 04 56 00 16 02 07 00 E4 10 00 00 07 6A 06 00 98 41 00 00 34 6A 06 00 52 44 00 00 D0 1F 08 00 54 44 00 00 D9 81 04 00 E9 45 00 00 F2 C2 03 00 25 54 00 00 6D 76 05 00 6F 5D 00 00 FA 31 07 00 16 01 01 00 5A 0E 00 00 C8 CA 09 00 1A 19 32 6E 70 6E 5A 0E 00 00 C8 CA 09 00
0x08, prev: 0x00: 16 02 01 00 74 10 00 00 BB D6 07 00 00 00 00 00 00 00 00 00 00 00 00 00 00 00 00 00 00 00 00 00 00 00 00 00 [08] 00
0x0A, prev: 0x00: 16 02 01 00 B9 50 00 00 D8 6A 00 00 00 00 00 00 00 00 00 00 00 00 00 00 00 00 00 00 00 00 00 00 00 00 00 00 [0A] 00 06 4E 00 16 02 06 00 FB 0C 00 00 77 95 09 00 5C 54 00 00 91 D6 09 00 4F 55 00 00 62 D6 09 00 7D 55 00 00 6E 08 0A 00 1B 57 00 00 A4 95 09 00 A5 57 00 00 31 B8 08 00 16 01 01 00 DD 40 00 00 B4 B6 02 00 1A 19 73 6F 64 65 DD 40 00 00 B4 B6 02 00
General information
- name: BNet
- type: Ladder team game (AT/RT)
- host: Battle.net
- saver: IplayEverfrost
map: Highperch
- players: 6
- length: 37:52
- speed: Fast
- version: 1.23 W3XP
- replay type: Public
» download(198 KB)
Players
team 1 (winner)
IplayEverfrost (
green | 53 APM | 2013 actions | 37:52)
5 Archmage
3 Blizzard
2 Brilliance Aura
1 Pandaren Brewmaster
1 Breath of Fire
2 Dark Ranger
1 Silence
1 Life Drain
» actions
| Assign group hotkey | 34 | |
| Basic commands | 43 | |
| Build / train | 131 | |
| ESC pressed | 4 | |
| Enter build submenu | 85 | |
| Enter hero's abilities submenu | 8 | |
| Give item / drop item | 5 | |
| Remove unit from queue | 1 | |
| Right click | 632 | |
| Select / deselect | 482 | |
| Select group hotkey | 370 | |
| Use ability | 218 | |
2013 total
» units
| Peasant | 18 | |
| Sorceress | 2 | |
| Siege Engine | 7 | |
| Dragonhawk Rider | 5 | |
| Mortar Team | 1 | |
| Priest | 1 | |
34 total
» upgrades
| Masonry | 3 | |
| Lumber Harvesting | 1 | |
| Magic Sentry | 1 | |
| Sorceress Training | 2 | |
| Fragmentation Shards | 1 | |
| Flare | 1 | |
| Barrage | 1 | |
| Flak Cannons | 1 | |
| Swords | 3 | |
| Gunpowder | 3 | |
| Cloud | 1 | |
| Plating | 3 | |
| Armor | 3 | |
| Priest Training | 2 | |
26 total
» buildings
| Altar of Kings | 1 | |
| Farm | 10 | |
| Lumber Mill | 1 | |
| Scout Tower | 75 | |
| Arcane Tower | 5 | |
| Guard Tower | 37 | |
| Keep | 2 | |
| Town Hall | 1 | |
| Arcane Vault | 1 | |
| Castle | 2 | |
| Arcane Sanctum | 1 | |
| Blacksmith | 2 | |
| Gryphon Aviary | 4 | |
| Workshop | 2 | |
144 total
» build order
00:08 Altar of Kings
00:11 Farm
00:25 Lumber Mill
00:52 Farm
01:21 Scout Tower
01:35 Scout Tower
01:38 Scout Tower
01:55 Arcane Tower
01:57 Arcane Tower
02:05 Scout Tower
02:09 Scout Tower
02:15 Guard Tower
02:17 Scout Tower
02:20 Guard Tower
02:22 Scout Tower
02:25 Farm
02:48 Guard Tower
02:51 Guard Tower
02:56 Guard Tower
02:59 Scout Tower
03:00 Scout Tower
03:30 Guard Tower
03:32 Scout Tower
03:32 Scout Tower
04:04 Guard Tower
04:06 Scout Tower
04:07 Scout Tower
04:14 Scout Tower
04:15 Scout Tower
04:16 Scout Tower
04:17 Scout Tower
04:46 Guard Tower
04:51 Guard Tower
05:08 Scout Tower
05:10 Scout Tower
05:13 Scout Tower
05:14 Keep
05:20 Guard Tower
05:22 Scout Tower
05:23 Scout Tower
05:24 Scout Tower
05:27 Scout Tower
05:31 Scout Tower
05:40 Guard Tower
05:42 Scout Tower
05:42 Scout Tower
05:43 Scout Tower
05:44 Scout Tower
05:52 Town Hall
05:59 Guard Tower
06:03 Guard Tower
06:32 Guard Tower
06:34 Scout Tower
06:35 Scout Tower
07:04 Arcane Vault
07:06 Guard Tower
07:15 Scout Tower
07:21 Scout Tower
07:42 Arcane Tower
08:00 Scout Tower
08:01 Scout Tower
08:05 Guard Tower
08:16 Scout Tower
08:17 Scout Tower
08:55 Guard Tower
08:56 Castle
09:01 Scout Tower
09:03 Scout Tower
09:23 Guard Tower
09:23 Guard Tower
09:23 Guard Tower
09:29 Arcane Tower
10:07 Arcane Sanctum
10:18 Arcane Tower
10:19 Guard Tower
10:21 Blacksmith
10:23 Gryphon Aviary
10:31 Farm
11:45 Guard Tower
12:05 Scout Tower
12:06 Scout Tower
12:34 Workshop
12:46 Scout Tower
12:47 Scout Tower
12:48 Scout Tower
12:49 Scout Tower
12:50 Scout Tower
12:51 Scout Tower
13:20 Guard Tower
13:24 Gryphon Aviary
13:47 Guard Tower
13:56 Guard Tower
13:58 Guard Tower
14:15 Gryphon Aviary
15:09 Workshop
16:24 Scout Tower
16:26 Scout Tower
17:32 Scout Tower
17:33 Scout Tower
17:33 Scout Tower
17:40 Guard Tower
17:42 Scout Tower
17:45 Scout Tower
18:31 Gryphon Aviary
18:32 Farm
18:33 Farm
18:35 Farm
18:36 Farm
19:55 Guard Tower
19:59 Blacksmith
21:35 Farm
21:35 Farm
25:25 Scout Tower
25:31 Scout Tower
25:32 Scout Tower
25:35 Scout Tower
25:36 Scout Tower
26:04 Guard Tower
26:16 Keep
26:55 Guard Tower
27:42 Scout Tower
27:43 Scout Tower
27:45 Scout Tower
27:46 Scout Tower
28:34 Guard Tower
29:12 Guard Tower
29:14 Scout Tower
29:15 Scout Tower
29:16 Scout Tower
29:17 Scout Tower
29:18 Scout Tower
29:19 Scout Tower
30:11 Guard Tower
30:19 Castle
30:23 Guard Tower
30:49 Guard Tower
31:54 Scout Tower
31:55 Scout Tower
32:18 Scout Tower
32:19 Scout Tower
32:20 Scout Tower
32:52 Guard Tower
34:04 Guard Tower
» items
| Boots of Speed | 1 | |
| Staff of Teleportation | 3 | |
| Orb of Lightning | 2 | |
| Tiny Great Hall | 2 | |
| Scroll of Town Portal | 2 | |
| Ivory Tower | 1 | |
| Staff of Sanctuary | 1 | |
12 total
justincase (
orange | 59 APM | 2233 actions | 37:50)
7 Pandaren Brewmaster
2 Breath of Fire
3 Drunken Brawler
1 Storm Earth and Fire
1 Drunken Haze
» actions
| Assign group hotkey | 47 | |
| Basic commands | 17 | |
| Build / train | 93 | |
| Enter build submenu | 18 | |
| Enter hero's abilities submenu | 8 | |
| Give item / drop item | 4 | |
| Remove unit from queue | 1 | |
| Right click | 1123 | |
| Select / deselect | 281 | |
| Select group hotkey | 444 | |
| Use ability | 197 | |
2233 total
» units
» upgrades
| Ranged Weapons | 3 | |
| Envenomed Spears | 0 | |
| Liquid Fire | 1 | |
| Armor | 2 | |
6 total
» buildings
| Altar of Storms | 1 | |
| Orc Burrow | 9 | |
| War Mill | 1 | |
| Stronghold | 5 | |
| Watch Tower | 2 | |
| Voodoo Lounge | 2 | |
| Beastiary | 2 | |
| Fortress | 4 | |
26 total
» build order
00:07 Altar of Storms
00:10 Orc Burrow
00:39 War Mill
01:54 Orc Burrow
02:53 Stronghold
02:53 Stronghold
02:53 Stronghold
02:53 Stronghold
03:22 Watch Tower
03:25 Watch Tower
04:34 Orc Burrow
04:37 Orc Burrow
04:38 Orc Burrow
04:46 Voodoo Lounge
04:51 Voodoo Lounge
05:30 Beastiary
05:32 Beastiary
06:29 Fortress
06:29 Fortress
06:30 Fortress
27:44 Orc Burrow
27:45 Orc Burrow
27:45 Orc Burrow
27:46 Orc Burrow
» items
| Lesser Clarity Potion | 4 | |
| Healing Salve | 1 | |
| Boots of Speed | 2 | |
| Staff of Teleportation | 1 | |
| Orb of Lightning | 1 | |
| Potion of Healing | 1 | |
10 total
shdfuiahckjsdan (
yellow | 40 APM | 1520 actions | 37:50)
5 Pandaren Brewmaster
3 Breath of Fire
2 Drunken Haze
» actions
| Assign group hotkey | 30 | |
| Basic commands | 10 | |
| Build / train | 83 | |
| ESC pressed | 1 | |
| Enter build submenu | 27 | |
| Enter hero's abilities submenu | 5 | |
| Give item / drop item | 1 | |
| Right click | 700 | |
| Select / deselect | 220 | |
| Select group hotkey | 374 | |
| Use ability | 69 | |
1520 total
» units
| Wisp | 31 | |
| Druid of the Talon | 9 | |
| Chimaera | 2 | |
42 total
» upgrades
| Strength of the Wild | 3 | |
| Druid of the Talon Training | 2 | |
| Ultravision | 1 | |
| Mark of the Talon | 1 | |
| Well Spring | 1 | |
| Reinforced Hides | 3 | |
11 total
» buildings
| Altar of Elders | 1 | |
| Moon Well | 12 | |
| Hunter's Hall | 1 | |
| Tree of Ages | 3 | |
| Tree of Life | 2 | |
| Tree of Eternity | 4 | |
| Ancient of Wind | 4 | |
| Chimaera Roost | 1 | |
28 total
» build order
00:09 Altar of Elders
00:10 Moon Well
02:19 Moon Well
02:35 Moon Well
03:41 Moon Well
03:45 Moon Well
03:47 Moon Well
04:41 Moon Well
04:46 Hunter's Hall
05:32 Tree of Ages
05:32 Tree of Ages
05:33 Tree of Ages
05:50 Moon Well
06:23 Tree of Life
06:50 Moon Well
08:18 Tree of Eternity
08:18 Tree of Eternity
08:19 Tree of Eternity
08:22 Ancient of Wind
08:26 Ancient of Wind
08:31 Ancient of Wind
10:39 Moon Well
11:34 Ancient of Wind
11:50 Moon Well
13:18 Moon Well
25:20 Tree of Life
32:40 Chimaera Roost
» items
| Boots of Speed | 1 | |
| Orb of Lightning | 1 | |
| Staff of Teleportation | 1 | |
| Scroll of Town Portal | 3 | |
6 total
team 2 (loser)

»
midas06 (
teal | 46 APM | 1753 actions | 37:44)
4 Blademaster
2 Wind Walk
2 Critical Strike
» actions
| Assign group hotkey | 19 | |
| Basic commands | 34 | |
| Build / train | 91 | |
| ESC pressed | 2 | |
| Enter build submenu | 47 | |
| Enter hero's abilities submenu | 4 | |
| Give item / drop item | 10 | |
| Right click | 858 | |
| Select / deselect | 433 | |
| Select group hotkey | 101 | |
| Use ability | 154 | |
1753 total
» units
| Peon | 31 | |
| Grunt | 8 | |
| Troll Batrider | 15 | |
| Demolisher | 5 | |
59 total
» upgrades
| Liquid Fire | 1 | |
| Reinforced Defenses | 1 | |
| Spiked Barricades | 1 | |
| Burning Oil | 1 | |
4 total
» buildings
| Altar of Storms | 1 | |
| Orc Burrow | 10 | |
| Barracks | 1 | |
| War Mill | 2 | |
| Voodoo Lounge | 3 | |
| Stronghold | 1 | |
| Great Hall | 1 | |
| Watch Tower | 23 | |
| Fortress | 1 | |
| Beastiary | 2 | |
45 total
» build order
00:08 Altar of Storms
00:23 Orc Burrow
00:36 Barracks
01:38 Orc Burrow
02:02 War Mill
02:25 Voodoo Lounge
04:02 Stronghold
05:33 Orc Burrow
07:13 Great Hall
07:16 Watch Tower
07:29 Watch Tower
08:23 Watch Tower
08:26 Fortress
08:31 Beastiary
08:34 Beastiary
11:42 Watch Tower
11:44 Watch Tower
19:45 Watch Tower
19:48 Watch Tower
19:50 Watch Tower
19:55 Watch Tower
19:57 Watch Tower
20:00 Watch Tower
21:01 Voodoo Lounge
21:11 Voodoo Lounge
21:15 Watch Tower
21:27 Orc Burrow
22:16 Watch Tower
22:42 Orc Burrow
22:46 Watch Tower
22:51 Watch Tower
23:26 Watch Tower
23:49 Watch Tower
24:13 Watch Tower
24:17 Watch Tower
24:26 Watch Tower
24:26 Watch Tower
24:34 Watch Tower
24:36 Watch Tower
26:49 War Mill
31:57 Orc Burrow
32:00 Orc Burrow
33:42 Orc Burrow
33:45 Orc Burrow
33:48 Orc Burrow
» items
| Boots of Speed | 1 | |
| Staff of Teleportation | 1 | |
| Healing Salve | 5 | |
| Lesser Clarity Potion | 6 | |
| Scroll of Speed | 1 | |
| Orb of Lightning | 2 | |
| Tiny Great Hall | 1 | |
| Scroll of Town Portal | 2 | |
| Orb of Corruption | 1 | |
| Potion of Mana | 1 | |
21 total

»
Possum2 (
purple | 27 APM | 1027 actions | 37:49)
3 Death Knight
2 Death Coil
1 Unholy Aura
2 Lich
1 Frost Nova
1 Frost Armor
» actions
| Assign group hotkey | 4 | |
| Basic commands | 59 | |
| Build / train | 50 | |
| Enter build submenu | 18 | |
| Enter hero's abilities submenu | 5 | |
| Right click | 355 | |
| Select / deselect | 486 | |
| Select group hotkey | 3 | |
| Use ability | 47 | |
1027 total
» units
| Acolyte | 2 | |
| Ghoul | 5 | |
| Crypt Fiend | 5 | |
| Frost Wyrm | 6 | |
| Obsidian Statue | 2 | |
| Meatwagon | 1 | |
21 total
» upgrades
| Creature Attack | 3 | |
| Creature Carapace | 3 | |
| Web | 1 | |
| Freezing Breath | 1 | |
8 total
» buildings
| Altar of Darkness | 1 | |
| Ziggurat | 10 | |
| Crypt | 1 | |
| Graveyard | 1 | |
| Halls of the Dead | 1 | |
| Spirit Tower | 7 | |
| Nerubian Tower | 2 | |
| Black Citadel | 1 | |
| Sacrificial Pit | 1 | |
| Slaughterhouse | 1 | |
| Boneyard | 2 | |
| Tomb of Relics | 1 | |
29 total
» build order
00:11 Altar of Darkness
00:24 Ziggurat
00:45 Crypt
01:04 Graveyard
01:19 Ziggurat
02:15 Ziggurat
03:50 Halls of the Dead
05:45 Spirit Tower
05:47 Nerubian Tower
06:31 Black Citadel
06:33 Sacrificial Pit
07:47 Ziggurat
08:07 Slaughterhouse
08:26 Nerubian Tower
08:54 Boneyard
09:40 Tomb of Relics
09:53 Ziggurat
10:39 Spirit Tower
12:56 Ziggurat
13:24 Spirit Tower
13:58 Ziggurat
13:59 Ziggurat
14:27 Ziggurat
14:46 Ziggurat
15:23 Boneyard
15:45 Spirit Tower
15:59 Spirit Tower
16:33 Spirit Tower
16:37 Spirit Tower
» items
| Orb of Corruption | 1 | |
| Sacrificial Skull | 1 | |
| Scroll of Town Portal | 1 | |
3 total

»
warmarine (
pink | 40 APM | 1488 actions | 37:03)
2 Warden
1 Shadow Strike
1 Blink
1 Priestess of the Moon
1 Searing Arrows
» actions
| Basic commands | 204 | |
| Build / train | 98 | |
| Enter build submenu | 20 | |
| Enter hero's abilities submenu | 3 | |
| Remove unit from queue | 3 | |
| Right click | 412 | |
| Select / deselect | 666 | |
| Use ability | 82 | |
1488 total
» units
| Wisp | 24 | |
| Archer | -2 | |
| Huntress | 8 | |
| Chimaera | 19 | |
| Druid of the Talon | 11 | |
60 total
» upgrades
| Strength of the Wild | 3 | |
| Reinforced Hides | 3 | |
| Corrosive Breath | 1 | |
| Druid of the Talon Training | 2 | |
| Mark of the Talon | 1 | |
| Ultravision | 1 | |
| Well Spring | 1 | |
12 total
» buildings
| Altar of Elders | 1 | |
| Moon Well | 9 | |
| Ancient of War | 1 | |
| Hunter's Hall | 1 | |
| Tree of Ages | 2 | |
| Ancient Protector | 2 | |
| Tree of Eternity | 3 | |
| Tree of Life | 1 | |
| Ancient of Wind | 1 | |
| Chimaera Roost | 2 | |
23 total
» build order
00:20 Altar of Elders
00:28 Moon Well
00:39 Ancient of War
01:58 Hunter's Hall
02:07 Moon Well
02:44 Moon Well
03:48 Tree of Ages
03:48 Tree of Ages
04:03 Moon Well
05:35 Ancient Protector
05:38 Ancient Protector
06:15 Tree of Eternity
06:15 Tree of Eternity
06:15 Tree of Eternity
06:22 Tree of Life
06:37 Ancient of Wind
08:40 Chimaera Roost
08:43 Chimaera Roost
11:20 Moon Well
16:17 Moon Well
31:42 Moon Well
31:46 Moon Well
31:49 Moon Well
Chat log
(00:19 / Allies) justincase: pandas?
(00:21 / Allies) justincase: pandas?
(00:21 / Allies) IplayEverfrost: yea
(00:22 / Allies) justincase: really?
(00:24 / Allies) justincase: fien
(00:25 / Allies) justincase: fine
(00:26 / Allies) justincase: dio it
(00:27 / Allies) justincase: all\
(00:28 / Allies) justincase: pabnds
(00:28 / Allies) IplayEverfrost: lol
(00:38 / Allies) IplayEverfrost: did
(00:39 / Allies) IplayEverfrost: you notice
(00:42 / Allies) IplayEverfrost: them pinging perches
(00:55 / Allies) IplayEverfrost: gold and wood
(00:57 / Allies) shdfuiahckjsdan: ^_^
(00:57 / Allies) IplayEverfrost: you dumb noobs
(01:42 / Allies) IplayEverfrost: ill get am for aura and long range aoe
(01:44 / Allies) IplayEverfrost: u 2 panda
(01:51 / Allies) justincase: false liar of prophets liar
(02:01 / Allies) justincase: fine
(02:01 / Allies) justincase: dop it
(02:03 / Allies) justincase: fastlyh
(02:29 / Allies) justincase: warning
(02:34 / Allies) justincase: exp-losion imminent
(02:39 / Allies) IplayEverfrost: fast
(03:06 / All) midas06: perching?
(03:24 / Allies) shdfuiahckjsdan: sum1 movd det
(03:37 / Allies) shdfuiahckjsdan: drink all the awell
(03:57 / Allies) IplayEverfrost: keep dat $ comin
(03:58 / Allies) IplayEverfrost: and tech
(04:09 / Allies) justincase: gogo item shop
(04:11 / Allies) justincase: go to item shop
(04:13 / Allies) shdfuiahckjsdan: can i have sum back??
(05:04 / Allies) justincase: their bm got first boots staff
(05:07 / Allies) shdfuiahckjsdan: sentry asap
(05:46 / Allies) shdfuiahckjsdan: green be rich
(05:50 / Allies) justincase: get this mine
(05:59 / Allies) shdfuiahckjsdan: gold?
(06:05 / Allies) shdfuiahckjsdan: share
(06:07 / Allies) IplayEverfrost: creep ur gaoddamn panda
(06:08 / Allies) IplayEverfrost: no jokes
(06:42 / Allies) shdfuiahckjsdan: their green?
(06:56 / Allies) justincase: inc bm
(06:57 / Allies) justincase: left side
(07:00 / All) IplayEverfrost: hack?
(07:05 / All) warmarine: ?
(07:08 / All) IplayEverfrost: D
(07:09 / All) IplayEverfrost: D
(07:09 / All) justincase: º-º
(07:09 / All) IplayEverfrost: D
(07:10 / All) justincase: º-º
(07:16 / All) midas06: fuck up fags
(08:01 / All) justincase: º-º
(08:01 / All) justincase: º-º
(08:01 / All) justincase: º-º
(08:02 / All) IplayEverfrost: turn off hacks for a boost in ram
(08:09 / All) midas06: k
(08:10 / All) warmarine: Haha
(08:50 / Allies) IplayEverfrost: michael
(08:53 / Allies) IplayEverfrost: is completely afk
(08:57 / Allies) IplayEverfrost: hehe
(08:57 / Allies) shdfuiahckjsdan: qq
(09:05 / Allies) shdfuiahckjsdan: what do i do???????
(09:17 / Allies) justincase: get boppots of speed
(09:21 / Allies) justincase: defend your base
(09:23 / Allies) justincase: creep an orange
(09:24 / Allies) justincase: anything
(09:34 / Allies) IplayEverfrost: get dotts
(09:35 / Allies) justincase: or just follow mode
(09:36 / Allies) justincase: you trash
(09:50 / Allies) justincase: they getting our orange
(09:53 / Allies) justincase: or not
(10:01 / Allies) IplayEverfrost: u guys better not have over 200 wood
(10:10 / Allies) IplayEverfrost: staff me
(10:16 / Allies) IplayEverfrost: pop[ulate
(10:25 / Allies) IplayEverfrost: staff me
(10:42 / Allies) IplayEverfrost: u guys want xp staff me
(10:47 / Allies) justincase: no thanks
(10:49 / Allies) justincase: i can do without it
(10:54 / Allies) IplayEverfrost: staff me
(10:55 / Allies) IplayEverfrost: ill tank
(10:56 / Allies) IplayEverfrost: come on
(11:28 / Allies) shdfuiahckjsdan: chims
(11:39 / Allies) IplayEverfrost: bat them
(11:41 / Allies) IplayEverfrost: if he uses
(11:50 / Allies) justincase: orc massing bats
(12:00 / Allies) justincase: not sentry?
(12:02 / Allies) justincase: STLL?
(12:30 / Allies) IplayEverfrost: kil lthat thing
(13:13 / Allies) IplayEverfrost: bats?
(13:45 / Allies) shdfuiahckjsdan: beer or lace.
(13:47 / Allies) shdfuiahckjsdan: ?
(13:49 / Allies) IplayEverfrost: need wood bad
(13:51 / Allies) IplayEverfrost: fire
(13:53 / Allies) IplayEverfrost: and 1 beer
(14:32 / Allies) shdfuiahckjsdan: im going 4 worms
(14:48 / Allies) IplayEverfrost: uh...
(14:51 / Allies) IplayEverfrost: really worms?
(15:20 / Allies) IplayEverfrost: need wood bad still
(15:27 / Allies) IplayEverfrost: mroe wood wisps
(15:33 / Allies) IplayEverfrost: staff me
(15:36 / Allies) IplayEverfrost: staff for xp
(15:44 / Allies) IplayEverfrost: FUCK
(16:07 / Allies) justincase: AAA
(16:08 / Allies) IplayEverfrost: WE ALMOST
(16:09 / Allies) IplayEverfrost: LSOT
(16:18 / Allies) IplayEverfrost: DO U
(16:19 / Allies) IplayEverfrost: UDNERSTAND
(16:21 / Allies) IplayEverfrost: THAT WE JSUT ALMOS TLOST
(16:28 / Allies) IplayEverfrost: HE HAD A QUICK HALL
(16:36 / Allies) justincase: i understand that
(16:50 / Allies) IplayEverfrost: bats
(17:23 / Allies) IplayEverfrost: pandas staff
(17:33 / Allies) justincase: when i can
(17:34 / Allies) shdfuiahckjsdan: where?
(17:38 / Allies) justincase: ...
(17:41 / Allies) justincase: to afkville
(17:42 / Allies) shdfuiahckjsdan: where????
(17:47 / Allies) justincase: nevermind
(17:48 / Allies) justincase: they left
(17:48 / Allies) IplayEverfrost: nvm
(17:49 / Allies) justincase: long gone
(17:49 / Allies) IplayEverfrost: it was right
(17:51 / Allies) justincase: ancient tombs
(19:04 / Allies) IplayEverfrost: 50 food bats
(19:05 / Allies) IplayEverfrost: asap
(19:18 / Allies) shdfuiahckjsdan: im at 50
(19:21 / Allies) shdfuiahckjsdan: btw
(19:23 / Allies) IplayEverfrost: get that
(19:26 / Allies) justincase: all go
(19:26 / Allies) justincase: alkl
(19:27 / Allies) justincase: ALL
(19:29 / Allies) IplayEverfrost: careful they can tp to it
(19:32 / Allies) IplayEverfrost: so dont do anyrthing dum
(19:32 / Allies) justincase: land a dott there
(19:35 / Allies) IplayEverfrost: like landing a dott
(19:36 / Allies) IplayEverfrost: and staffing
(19:43 / Allies) IplayEverfrost: jsut feed off their xp
(19:45 / Allies) shdfuiahckjsdan: what do we do then?
(19:50 / Allies) IplayEverfrost: get xp
(19:51 / Allies) IplayEverfrost: from their air
(19:58 / Allies) shdfuiahckjsdan: ?
(20:05 / Allies) IplayEverfrost: we dont have to perch
(20:06 / Allies) IplayEverfrost: if they do
(20:13 / Allies) justincase: wrong idea
(20:32 / Allies) IplayEverfrost: bat air
(20:33 / Allies) justincase: spiders inc
(20:55 / Allies) justincase: run
(21:04 / Allies) shdfuiahckjsdan: WTF
(21:08 / Allies) shdfuiahckjsdan: bser?
(21:09 / Allies) IplayEverfrost: u were rrunning longest way
(21:10 / Allies) IplayEverfrost: to clear
(21:13 / Allies) IplayEverfrost: i was going straigh up
(21:13 / Allies) IplayEverfrost: a cliff
(21:17 / Allies) shdfuiahckjsdan: straight up??
(21:22 / Allies) IplayEverfrost: go perch
(21:23 / Allies) IplayEverfrost: left side
(21:27 / Allies) IplayEverfrost: dispel that shit
(21:29 / Allies) IplayEverfrost: and perch left
(21:40 / Allies) shdfuiahckjsdan: imposible
(21:47 / Allies) IplayEverfrost: ?
(21:53 / Allies) IplayEverfrost: i have a quick hall
(21:54 / Allies) IplayEverfrost: lets do left
(22:01 / Allies) justincase: lets jsut stay on ground?
(22:07 / Allies) IplayEverfrost: perching is safer
(22:08 / Allies) IplayEverfrost: idk
(22:10 / Allies) IplayEverfrost: more fun too
(22:15 / Allies) IplayEverfrost: anyway its nto a big risk
(22:45 / Allies) shdfuiahckjsdan: dott is at left sode now
(23:03 / Allies) IplayEverfrost: b ready
(23:04 / Allies) IplayEverfrost: to defend left
(23:19 / Allies) shdfuiahckjsdan: left is a wall
(23:30 / Allies) shdfuiahckjsdan: btw
(23:31 / Allies) justincase: i wanna go harass
(23:31 / Allies) IplayEverfrost: tomy
(23:32 / Allies) justincase: let me out
(23:32 / Allies) IplayEverfrost: get 2 more
(23:33 / Allies) justincase: out
(23:34 / Allies) IplayEverfrost: beasitiaries
(23:40 / Allies) justincase: y
(23:42 / Allies) IplayEverfrost: 2 more beaistieiares
(23:44 / Allies) IplayEverfrost: we need fast build
(23:45 / Allies) justincase: Y
(23:46 / Allies) IplayEverfrost: might*
(23:52 / Allies) justincase: waste of gold
(23:54 / Allies) justincase: idea rejected
(23:57 / Allies) justincase: now let my poanda out
(24:01 / Allies) IplayEverfrost: its opened
(24:45 / Allies) IplayEverfrost: care bats
(24:47 / Allies) IplayEverfrost: need bats to fight htat
(24:49 / Allies) IplayEverfrost: not dotts alone
(25:00 / All) midas06: lol
(25:16 / Allies) IplayEverfrost: wood
(25:18 / Allies) IplayEverfrost: give me 1500 wood
(26:11 / Allies) IplayEverfrost: b ready
(26:13 / Allies) IplayEverfrost: to tp left
(26:15 / All) justincase: PFFT
(26:20 / All) midas06: spiked
(26:23 / Allies) IplayEverfrost: u ask for it
(26:26 / All) justincase: nerd
(26:27 / Allies) IplayEverfrost: cooldown
(26:28 / All) midas06: as if id die there with mana and wells
(26:54 / All) justincase: :>
(27:25 / Allies) IplayEverfrost: guard that with bats
(27:36 / Allies) justincase: harass with panda
(27:36 / Allies) IplayEverfrost: tommy be ready to go 100 food bats
(28:37 / Allies) justincase: zz
(28:44 / All) IplayEverfrost: i like how u guys declare u know this strat as soon as possible
(28:49 / All) IplayEverfrost: trying to bluff us out
(28:57 / All) midas06: i like ur hacks
(29:02 / All) IplayEverfrost: heh
(29:27 / Allies) IplayEverfrost: k going 100 now
(29:29 / Allies) justincase: put an item in the breach
(29:31 / Allies) justincase: a cheap one
(29:56 / Allies) IplayEverfrost: why stop repair
(29:58 / Allies) IplayEverfrost: its free to repair that thign
(30:07 / Allies) shdfuiahckjsdan: i died
(30:09 / Allies) shdfuiahckjsdan: it
(30:13 / Allies) IplayEverfrost: o
(30:20 / Allies) IplayEverfrost: 1500 wood
(30:33 / Allies) IplayEverfrost: we down to our last gold
(30:34 / Allies) IplayEverfrost: so careful
(30:37 / Allies) IplayEverfrost: dont give to anyone over food
(31:29 / All) justincase: spike again?
(31:38 / All) justincase: or are you just a wannabe nerd and not actually a nerd?
(32:26 / Allies) shdfuiahckjsdan: alex u shoulda axed 4 gold b4 u went ovrrr
(32:29 / Allies) IplayEverfrost: michael
(32:31 / Allies) IplayEverfrost: spend rest of ur gold
(32:32 / Allies) IplayEverfrost: on chims
(32:39 / Allies) IplayEverfrost: well
(32:42 / Allies) IplayEverfrost: get at least like 10
(32:44 / Allies) IplayEverfrost: or
(32:45 / Allies) IplayEverfrost: wait
(32:47 / Allies) justincase: im going for ud wood men
(32:47 / Allies) IplayEverfrost: thats 50 food
(32:57 / Allies) justincase: orc is making peons
(32:59 / Allies) justincase: making htem??
(33:02 / Allies) shdfuiahckjsdan: i have 11 birdmen
(33:05 / Allies) justincase: they need wood
(33:07 / Allies) justincase: they are short on it
(33:16 / Allies) justincase: kill all woodmen
(33:18 / Allies) justincase: order 66
(33:27 / Allies) shdfuiahckjsdan: making pults he is
(34:24 / Allies) justincase: hes making burrosws
(34:27 / Allies) justincase: kill all orc burrows
(34:29 / Allies) IplayEverfrost: major inc
(34:30 / Allies) justincase: let NONE survive!
(34:35 / Allies) IplayEverfrost: staff out
(34:36 / Allies) IplayEverfrost: asap
(34:54 / Allies) IplayEverfrost: u cutting it 2 close
(34:59 / Allies) shdfuiahckjsdan: no
(35:04 / Allies) shdfuiahckjsdan: i hav a tp
(35:12 / Allies) IplayEverfrost: he pinged my perch
(35:18 / Allies) IplayEverfrost: michael
(35:23 / Allies) IplayEverfrost: give tommy 2.5k
(36:26 / Allies) IplayEverfrost: lets get that bm?
(36:47 / All) IplayEverfrost: lol
(37:08 / All) IplayEverfrost: "perching"
(37:09 / All) IplayEverfrost: rofl
(37:11 / All) justincase: OWNED
(37:12 / All) justincase: NOOB
(37:13 / All) justincase: OWNED
(37:15 / All) justincase: "SPIKE"
(37:19 / All) justincase: DID IT LAST ALL GAME
(37:20 / All) justincase: NAB
(37:20 / All) midas06: drophacks too?
(37:35 / All) IplayEverfrost: clown
(37:43 / All) justincase: ROFL
(37:45 / All) justincase: YOURE BAD
(37:46 / All) justincase: NOOBS
(37:47 / All) justincase: BAD
(37:49 / All) justincase: BAD
(37:50 / All) shdfuiahckjsdan: ??